 Dungeon Crawl Stone Soup version 0.21.0-24-g2553a33 (webtiles) character file.

427 Suckerboh the Firebug (level 6, -1/32 HPs)
             Began as a Deep Elf Fire Elementalist on Jan 20, 2018.
             Slain by a centaur (6 damage)
             ... on level 5 of the Dungeon.
             The game lasted 00:05:02 (3758 turns).

Suckerboh the Firebug (Deep Elf Fire Elementalist)  Turns: 3758, Time: 00:05:04

Health: -1/32      AC:  3    Str:  5    XL:     6   Next: 65%
Magic:  2/15       EV: 13    Int: 26    God:
Gold:   174        SH:  0    Dex: 15    Spells: 7/15 levels left

rFire    + . .     SeeInvis .   a - +2 dagger (speed)
rCold    x . .     Gourm    +   (no shield)
rNeg     . . .     Faith    .   o - +0 robe
rPois    .         Spirit   .   l - -2 helmet (curse)
rElec    .         Reflect  .   (no cloak)
rCorr    .         Harm     .   v - +1 pair of gloves
MR       .....                  (no boots)
Stlth    ++........             f - amulet of the gourmand
HPRegen  0.10/turn              d - ring of fire
MPRegen  0.14/turn              u - +4 ring of intelligence

@: no status effects
A: no striking features
a: no special abilities


You were on level 5 of the Dungeon.
You were very full.

You visited 1 branch of the dungeon, and saw 5 of its levels.

You collected 174 gold pieces.

Inventory:

Hand Weapons
 a - a +2 dagger of speed (weapon)
Armour
 l - a cursed -2 helmet (worn)
 o - a +0 robe (worn)
 v - a +1 pair of gloves (worn)
Jewellery
 d - a ring of fire (left hand)
 f - an amulet of the gourmand (around neck)
 h - a cursed ring of teleportation {unknown}
 u - a +4 ring of intelligence (right hand)
 w - an uncursed ring of wizardry {unknown}
 y - a +4 ring of evasion {unknown}
Scrolls
 g - 5 scrolls of identify {unknown}
 k - 4 scrolls of blinking {unknown}
 m - a scroll of enchant weapon {unknown}
 p - 2 scrolls of fear {unknown}
 s - 2 scrolls of teleportation {unknown}
 t - a scroll of amnesia {unknown}
Potions
 e - 3 potions of lignification {unknown}
 i - 2 potions of curing {unknown}
 j - 5 potions of agility {unknown}
 n - a potion of magic {unknown}
 q - 2 potions of berserk rage {unknown}
 r - a potion of cancellation {unknown}
 z - a potion of invisibility {unknown}
 A - a potion of flight {unknown}
Books
 b - a book of Flames

   Spells                             Type                      Level
   a - Flame Tongue                   Conjuration/Fire             1
   b - Throw Flame                    Conjuration/Fire             2
   c - Conjure Flame                  Conjuration/Fire             3
   d - Inner Flame                    Hexes/Fire                   3
   e - Sticky Flame                   Conjuration/Fire             4
   f - Fireball                       Conjuration/Fire             5
 B - a book of Cantrips

   Spells                             Type                      Level
   a - Confusing Touch                Hexes                        1
   b - Animate Skeleton               Necromancy                   1
   c - Summon Small Mammal            Summoning                    1
   d - Apportation                    Translocation                1
Comestibles
 c - 5 rations


   Skills:
 + Level 0.2 Fighting
 + Level 0.2 Short Blades
 + Level 2.8 Dodging
 - Level 2.4 Stealth
 + Level 5.2 Spellcasting
 * Level 4.7 Conjurations
 + Level 5.4 Fire Magic


You had 7 spell levels left.
You knew the following spells:

 Your Spells              Type           Power        Failure   Level  Hunger
a - Flame Tongue          Conj/Fire      #####        1%          1    None
b - Conjure Flame         Conj/Fire      ######..     2%          3    #......
c - Sticky Flame          Conj/Fire      ######..     9%          4    ###....


Dungeon Overview and Level Annotations

Branches:
Dungeon (5/15)
 Temple: D:4-7

Altars:
Cheibriados


Message History

Aim: a howler monkey zombie (severely damaged)
You feel a surge of power!
The flame tongue hits the howler monkey zombie.
You destroy the howler monkey zombie!
The centaur wields a shortbow.
The centaur shoots an arrow.
The arrow hits you!
You start resting.
The centaur shoots an arrow.
The arrow hits you!
* * * LOW HITPOINT WARNING * * *
Casting: Flame Tongue
Confirm with . or Enter, or press ? or * to list all spells.
Aiming: Sticky Flame
Press: ? - help, Shift-Dir - straight line, f - centaur
Aim: a centaur, wielding a shortbow You feel a surge of power!
The sticky flame hits the centaur.
The centaur is heavily wounded.
The centaur is covered in liquid flames!
The centaur burns!
The centaur unwields an uncursed shortbow.
The centaur hits you.
You die...

####. ... . #....####
#.# #.# #. #........
... #.# # #..#...#.#.#
#.# #.# # # .....#.#.#
#.# #.# # ....#..#.#.#
#.# #.# #
#....(.#.###.# #<# #
###..#c....#.# #.# #
#..#@###.#.######.###
.c..#.# #...........).
###.##.###.############
.. #.....# ### #######


You could see a centaur (burning).

Vanquished Creatures
  An ogre (D:5)
  A bullfrog (D:5)
  A bullfrog skeleton (D:4)
  An iguana (D:5)
  Terence (D:3)
  A worker ant (D:4)
  A howler monkey zombie (D:5)
  10 adders
  An ooze (D:3)
  A worm (D:3)
  A dart slug (D:2)
  A leopard gecko (D:3)
  6 orcs
  7 bats
  3 giant cockroaches
  5 goblins
  8 hobgoblins
  2 quokkas
  A ball python (D:3)
  4 frilled lizards
  7 kobolds
  7 rats
71 creatures vanquished.

Notes
Turn   | Place    | Note
-------+----------+-------------------------------------------
     0 | D:1      | Suckerboh the Deep Elf Fire Elementalist began the quest for the Orb.
     0 | D:1      | Reached XP level 1. HP: 10/10 MP: 6/6
   301 | D:1      | Reached XP level 2. HP: 15/15 MP: 6/8
   794 | D:2      | Reached XP level 3. HP: 10/19 MP: 0/9
  1431 | D:2      | Found a snail-covered altar of Cheibriados.
  1693 | D:3      | Reached XP level 4. HP: 21/24 MP: 4/12
  1754 | D:3      | Learned a level 3 spell: Conjure Flame
  1759 | D:3      | Learned a level 4 spell: Sticky Flame
  2291 | D:3      | Noticed Terence
  2310 | D:3      | Killed Terence
  2563 | D:4      | Reached XP level 5. HP: 28/28 MP: 9/13
  2948 | D:4      | Reached skill level 5 in Fire Magic
  3606 | D:5      | Entered Level 5 of the Dungeon
  3608 | D:5      | Noticed an ogre
  3618 | D:5      | Killed an ogre
  3618 | D:5      | Reached XP level 6. HP: 32/32 MP: 3/15
  3748 | D:5      | Reached skill level 5 in Spellcasting
  3758 | D:5      | Slain by a centaur

Skill      XL: |  1  2  3  4  5  6 |
---------------+-------------------+-----
Fire Magic     | 4 5 |  5.4
Conjurations   | 2 4 |  4.7
Spellcasting   | 4 5 |  5.2
Fighting       | |  0.2
Short Blades   | |  0.2
Dodging        | |  2.8
Stealth        | |  2.4

Action                   |  1- 3 |  4- 6 || total
-------------------------+-------+-------++-------
Melee: Dagger            |     4 |       ||     4
 Cast: Flame Tongue      |    54 |    80 ||   134
       Sticky Flame      |       |     3 ||     3
       Conjure Flame     |       |     1 ||     1
 Stab: Sleeping          |     2 |       ||     2
  Eat: Chunk             |     2 |    15 ||    17
Armor: Robe              |       |     1 ||     1
Dodge: Dodged            |    18 |    13 ||    31
